 Dungeon Crawl Stone Soup version 0.32-a0-128-g77eb882913 (webtiles) character file.

Game seed: 17765845357164138585

88481 BubbleThief the Warrior (level 15, -37/150 (163) HPs)
             Began as a Naga Cinder Acolyte on Feb 7, 2024.
             Was an Initiate of Ignis.
             Annihilated by an enormous slime creature (77 damage)
             ... on level 15 of the Dungeon.
             The game lasted 00:38:11 (23656 turns).

BubbleThief the Warrior (Naga Cinder Acolyte)      Turns: 23656, Time: 00:38:12

HP:   -37/150 (163) AC: 19    Str: 31    XL:     15   Next: 94%
MP:   26/26         EV:  8    Int: 19    God:    Ignis [......]
Gold: 1388          SH: 10    Dex: 10    Spells: 27/29 levels left

rFire   + . .        n - +1 morningstar (protect)
rCold   + + .        s - +0 kite shield {reflect}
rNeg    . . .        O - +0 troll leather armour
rPois   +            E - +1 helmet
rElec   +            z - +2 cloak {rCorr}
rCorr   +            d - +0 pair of gloves
SInv    +            (no barding)
Will    +....        Z - amulet of regeneration
Stlth   +            e - ring "Xytipp" {rElec rC++ Str+6 Dex+3}
HPRegen 2.05/turn    B - +6 ring of strength
MPRegen 0.20/turn

%: reflection
@: under a protective aura, drained, very slow
A: AC +5, large, see invisible, deformed body, poison resistance, slowness 2,
spit poison 1, naga tail 2
a: Spit Poison, Renounce Religion


You were on level 15 of the Dungeon.
You worshipped Ignis.
Ignis was noncommittal.
You visited 3 branches of the dungeon, and saw 22 of its levels.
You also visited: Sewer.

You collected 2461 gold pieces.
You spent 1073 gold pieces at shops.

Inventory:

Hand Weapons
 n - a +1 morningstar of protection (weapon)
Missiles
 A - a throwing net
Armour
 d - a +0 pair of gloves (worn)
 s - a +0 kite shield of reflection (worn)
 z - a +2 cloak of preservation (worn)
 E - a +1 helmet (worn)
 L - a +2 robe of positive energy
 O - a +0 troll leather armour (worn)
Magical Staves
 N - a staff of fire
Jewellery
 b - an amulet of magic regeneration
 e - the ring "Xytipp" (left hand) {rElec rC++ Str+6 Dex+3}
   (You found it on level 3 of the Dungeon)

   [ring of strength]

   Str+6:     It affects your strength (+6).
   Dex+3:     It affects your dexterity (+3).
   rC++:      It greatly protects you from cold.
   rElec:     It insulates you from electricity.
 u - a ring of fire
 B - a +6 ring of strength (right hand)
 Q - a +6 ring of intelligence
 T - a ring of willpower
 W - a ring of positive energy
 Y - a ring of wizardry
 Z - an amulet of regeneration (around neck)
Wands
 y - a wand of flame (64)
 D - a wand of polymorph (7)
 H - a wand of quicksilver (11)
 R - a wand of iceblast (16)
 V - a wand of paralysis (8)
Scrolls
 g - a scroll of identify
 k - 4 scrolls of revelation
 l - 3 scrolls of fear
 p - 2 scrolls of enchant weapon {unknown}
 r - 9 scrolls of teleportation {unknown}
 t - 2 scrolls of acquirement {unknown}
 v - 4 scrolls of amnesia {unknown}
 w - 5 scrolls of poison {unknown}
 C - 5 scrolls of fog {unknown}
 I - 7 scrolls of immolation {unknown}
 J - 3 scrolls of vulnerability {unknown}
 K - 2 scrolls of enchant armour {unknown}
 P - 5 scrolls of blinking {unknown}
 S - 2 scrolls of noise {unknown}
Potions
 a - 2 potions of resistance
 c - 5 potions of enlightenment
 f - 6 potions of magic
 h - 5 potions of brilliance
 i - 10 potions of heal wounds
 j - 4 potions of mutation
 m - 3 potions of invisibility
 o - 3 potions of might
 q - 2 potions of attraction
 F - 4 potions of haste
 G - 12 potions of curing
 U - 2 potions of cancellation
 X - a potion of lignification
Miscellaneous
 x - a tin of tremorstones (2/2)
 M - a sack of spiders


   Skills:
 - Level 18.0 Fighting
 - Level 16.0 Maces & Flails
 + Level 8.0 Shields
 - Level 7.9 Spellcasting
 - Level 9.6 Fire Magic


You had 27 spell levels left.
You knew the following spells:

 Your Spells              Type           Power      Damage    Failure   Level
a - Scorch                Fire           88%        2d8       1%          2

Your spell library contained the following spells:

 Spells                   Type           Power      Damage    Failure   Level
 Necrotise                Necr           28%        1d5       17%         1
 Cigotuvi's Dreadful Rot  Necr/Alch/Air  14%        N/A       26%         2
 Static Discharge         Conj/Air       14%        3-4/arc   26%         2
 Tukima's Dance           Hex            7%         N/A       45%         3
 Vampiric Draining        Necr           7%         2d6       45%         3
 Airstrike                Air            3%         2d(1-17)  86%         4
 Dimensional Bullseye     Hex/Tloc       3%         N/A       86%         4
 Dispel Undead            Necr           7%         3d8       86%         4
 Iskenderun's Mystic Bla  Conj/Tloc      7%         2d4       86%         4
 Martyr's Knell           Necr/Summ      7%         N/A       86%         4
 Passage of Golubria      Tloc           7%         N/A       86%         4
 Summon Lightning Spire   Summ/Air       7%         N/A       86%         4
 Curse of Agony           Necr           7%         N/A       99%         5
 Silence                  Hex/Air        3%         N/A       99%         5
 Death Channel            Necr           3%         N/A       100%        6
 Haunt                    Necr/Summ      3%         N/A       100%        7
 Borgnjor's Revivificati  Necr           3%         N/A       100%        8
 Lehudib's Crystal Spear  Conj/Erth      3%         10d3      100%        8
 Death's Door             Necr           3%         N/A       100%        9


Dungeon Overview and Level Annotations

Branches:
Dungeon (15/15) Temple (0/1) D:5 Lair (5/5) D:11 Shoals (0/4) Lair:3 Snake (0/4) Lair:2 Slime (0/5) Lair:4 Orc (2/2) D:12 Elf (0/3) Orc:2 Vaults (0/5) D:13 D:14 Sewer (visited) Depths: D:15

Altars:
Fedhas
Gozag
Hepliaklqana
Kikubaaqudgha
Nemelex Xobeh
Trog
Xom
Zin

Shops:
D:3 (   D:4 :   Orc:1 [   Orc:2 ![*[

Annotations:
D:5 2 runed translucent doors
D:13 3 runed translucent doors


Innate Abilities, Weirdness & Mutations

Your serpentine skin is tough. (AC +5)
You have supernaturally acute eyesight. (SInv)
Armour fits poorly on your strangely shaped body.
Your system is resistant to poisons. (rPois)
You cover ground very slowly.
You can spit poison.
You can use your snake-like lower body to constrict enemies.


Message History

Unknown command.
You hit the slime creature.
The slime creature is severely wounded.
You block the slime creature's attack.
The very large slime creature hits you!!
Unknown command.
You impale the slime creature!!
You kill the slime creature!
Your Shields skill increases to level 8!
Unknown command.
You impale the very large slime creature!!
The very large slime creature is lightly wounded.
A large slime creature splits.
The very large slime creature hits you!!
Unknown command.
You hit the very large slime creature.
The very large slime creature is moderately wounded.
Two slime creatures merge to form an enormous slime creature.
You barely miss the enormous slime creature.
The enormous slime creature is lightly wounded.
The enormous slime creature barely misses you.
Unknown command.
Unknown command.
You barely miss the enormous slime creature.
The enormous slime creature is lightly wounded.
The slime creature hits you but does no damage.
You barely miss the enormous slime creature.
The enormous slime creature is lightly wounded.
The enormous slime creature hits you!!!
* * * LOW HITPOINT WARNING * * *
The slime creature hits you but does no damage.
You hear a horrible gurgling sound!
Unknown command.
Unknown command.
You hit the enormous slime creature.
The enormous slime creature is lightly wounded.
The enormous slime creature hits you!!!!
Ouch! That really hurt!
You die...
Ignis goes out, and joins you in death.

#....#....#............######....
#....#....#....#'#..........#....
###..#....#...##.##.........#....
#(.'....#..##...##........#####
#..######..#.....#.............
#.)........#.....#.........##'#
#.......#####...##.........#...
#.....)## ##.##..........#...
###..)...# #@J###........#...
........## ##J..#........#...
........# #..#........#...
........## .##........#...
.........# ..#........####
.........## ### ##............
..........###.######.............
...............................##
##.........................##+##.


You could see an enormous slime creature and a slime creature.

Vanquished Creatures
  Jorgrun (D:14)
  Frances (D:14)
  Agnes (D:14)
  Azrael (D:12)
  Josephine (D:14)
  3 hydras (Lair:5)
  5 catoblepae
  2 boulder beetles
  4 two-headed ogres
  4 centaur warriors
  11 death yaks (Lair:5)
  2 tengu warriors (D:13)
  Urug (D:11)
  4 skysharks
  An oklob plant (Lair:1)
  6 ugly things
  A deep elf pyromancer (D:13)
  3 harpies (D:12)
  3 orc knights
  2 wolf spiders (Lair:4)
  9 cyclopes
  3 manticores
  7 elephants
  3 kobold blastminers (Orc:2)
  A meliai (D:14)
  9 black mambas
  2 gargoyles
  An unseen horror (shapeshifter) (D:10)
  5 cane toads
  2 kobold demonologists
  3 rime drakes
  A freezing wraith (D:14)
  An unseen horror (D:10)
  7 komodo dragons
  An efreet (D:14)
  8 trolls
  A polar bear (Lair:1)
  A merfolk (Lair:3)
  8 hornets (Lair:5)
  23 blink frogs
  6 dream sheep (Lair:5)
  16 slime creatures
  2 shadows
  3 wyverns
  6 wraiths
  60 yaks
  16 humans
  Eustachio (D:4)
  3 fire elementals (D:12)
  2 steam dragons (D:11)
  7 basilisks
  A warg (Orc:1)
  13 vampire mosquitoes
  Edmund (D:4)
  An acid dragon (D:10)
  3 nagas (Lair:2)
  2 hell hounds (D:12)
  13 water moccasins
  3 sky beasts (D:11)
  30 orc warriors
  2 black bears
  4 laughing skulls (D:15)
  4 ogres
  11 wolves
  13 centaurs
  A phantom (D:4)
  3 kobold brigands
  Blork the orc (D:4)
  2 brain worms (Sewer)
  A gnoll sergeant (D:6)
  8 bullfrogs
  3 scorpions
  A water moccasin zombie (D:4)
  3 wights (D:10)
  18 killer bees
  2 electric eels (Lair:3)
  5 howler monkeys
  A bombardier beetle (D:4)
  7 hounds
  A jelly (D:6)
  A bullfrog skeleton (D:4)
  6 orc priests
  Crazy Yiuf (D:2)
  2 gnoll boudas
  A sleepcap (D:5)
  Jessica (D:3)
  4 iguanas
  Natasha (twice) (D:2)
  12 orc wizards
  3 hound zombies (D:4)
  17 gnolls
  A river rat (D:3)
  8 adders
  A shadow imp (D:7)
  3 white imps
  2 adder zombies (D:4)
  An adder skeleton (D:4)
  6 dart slugs
  5 ribbon worms
  47 orcs
  9 bats
  8 endoplasms
  5 giant cockroaches
  10 goblins
  7 hobgoblins
  4 jackals (D:1)
  5 quokkas
  12 ball pythons
  10 frilled lizards
  18 kobolds
  11 rats
656 creatures vanquished.

Vanquished Creatures (others)
  A kobold blastminer (Orc:2)
  A centaur (Orc:2)
2 creatures vanquished.

Grand Total: 658 creatures vanquished

Notes
Turn   | Place    | Note
-------+----------+-------------------------------------------
     0 | D:1      | BubbleThief the Naga Cinder Acolyte began the quest for the
                  | Orb.
     0 | D:1      | Reached XP level 1. HP: 21/21 MP: 2/2
   137 | D:1      | Reached XP level 2. HP: 20/28 MP: 3/3
   167 | D:1      | Learned a level 2 spell: Scorch
   501 | D:1      | Reached XP level 3. HP: 31/34 MP: 2/5
  1320 | D:2      | Found a bloodstained altar of Trog.
  1502 | D:2      | Reached XP level 4. HP: 40/42 MP: 1/6
  1723 | D:2      | Noticed Natasha
  1728 | D:2      | Killed Natasha
  1904 | D:2      | Reached XP level 5. HP: 50/50 MP: 8/8
  1963 | D:2      | Noticed Natasha
  1974 | D:2      | Killed Natasha
  2553 | D:2      | Found a runed translucent door.
  2554 | D:2      | Noticed Crazy Yiuf
  2615 | D:3      | Found a faded altar of an unknown god.
  2616 | D:3      | Noticed a great orb of eyes
  2618 | D:3      | Noticed a golden eye
  2618 | D:3      | Noticed a shining eye
  2618 | D:3      | Noticed an eye of devastation
  2620 | D:3      | Noticed Jessica
  2624 | D:3      | Killed Jessica
  2650 | D:3      | Identified the ring "Xytipp" {rElec rC++ Str+6 Dex+3}
  2709 | D:3      | Reached skill level 4 in Fighting
  2785 | D:3      | Found a glowing drain.
  2789 | Sewer    | Entered a sewer
  2927 | Sewer    | Reached XP level 6. HP: 43/57 MP: 3/10
  3722 | D:3      | Reached XP level 7. HP: 65/66 MP: 3/11
  3822 | D:3      | Found Nutwif's Weapon Emporium.
  3825 | D:3      | Bought a +1 morningstar of protection for 118 gold pieces
  4146 | D:4      | Found Bolurize's Book Shoppe.
  4443 | D:4      | Reached skill level 5 in Fire Magic
  4444 | D:4      | Reached skill level 5 in Fighting
  4444 | D:4      | Reached skill level 5 in Maces & Flails
  4750 | D:4      | Noticed Eustachio
  4759 | D:5      | Entered Level 5 of the Dungeon
  4894 | D:5      | Found a staircase to the Ecumenical Temple.
  5045 | D:5      | Reached XP level 8. HP: 57/74 MP: 2/13
  5212 | D:5      | Found a hazy altar of Hepliaklqana.
  5292 | D:5      | Found a runed translucent door.
  5294 | D:5      | Found a runed translucent door.
  5677 | D:4      | Noticed Edmund
  5698 | D:4      | Killed Edmund
  5939 | D:4      | Reached skill level 6 in Fighting
  5951 | D:4      | Killed Eustachio
  5968 | D:4      | Noticed Blork the orc
  5972 | D:4      | Killed Blork the orc
  6266 | D:4      | Reached XP level 9. HP: 73/85 MP: 8/15
  6382 | D:4      | Reached skill level 7 in Fighting
  6632 | D:2      | Killed Crazy Yiuf
  7432 | D:6      | Found a faded altar of an unknown god.
  7623 | D:7      | Reached skill level 8 in Fighting
  8639 | D:8      | HP: 3/90 [yak (4)]
  8645 | D:8      | Reached skill level 9 in Fighting
  8645 | D:8      | Reached XP level 10. HP: 36/99 MP: 11/16
  8919 | D:8      | Found a shimmering altar of Xom.
  8945 | D:8      | Found an ancient bone altar of Kikubaaqudgha.
  8966 | D:8      | Found a glowing silver altar of Zin.
  9664 | D:8      | Found an opulent altar of Gozag.
  9980 | D:9      | Noticed a kobold demonologist
 10015 | D:9      | Killed a kobold demonologist
 10236 | D:9      | Noticed a two-headed ogre
 10248 | D:9      | Killed a two-headed ogre
 10249 | D:9      | Reached skill level 10 in Fighting
 10249 | D:9      | Reached skill level 10 in Maces & Flails
 10572 | D:9      | Noticed a two-headed ogre
 10580 | D:9      | Killed a two-headed ogre
 10705 | D:9      | Reached skill level 11 in Fighting
 10705 | D:9      | Reached XP level 11. HP: 76/111 MP: 17/17
 11126 | D:10     | Entered Level 10 of the Dungeon
 11131 | D:10     | Noticed a cyclops
 11200 | D:10     | Noticed an entropy weaver
 11206 | D:10     | an entropy weaver changed into a warg
 11207 | D:10     | a warg changed into an entropy weaver
 11207 | D:10     | Noticed an entropy weaver (shapeshifter)
 11209 | D:10     | an entropy weaver changed into an unseen horror
 11211 | D:10     | Killed a cyclops
 11250 | D:10     | Found a bloodstained altar of Trog.
 11460 | D:10     | Reached skill level 12 in Fighting
 11634 | D:10     | Identified the +10 rapier of Integrity {heavy, rElec rC+
                  | Dex+3}
 11712 | D:10     | Identified the +0 chain mail "Zatae" {Harm rPois Str-2
                  | Int-3}
 11957 | D:10     | Found a sparkling altar of Nemelex Xobeh.
 12112 | D:11     | Noticed a boulder beetle
 12143 | D:11     | Killed a boulder beetle
 12215 | D:11     | Noticed a cyclops
 12223 | D:11     | Killed a cyclops
 12259 | D:11     | Found a staircase to the Lair.
 12357 | D:11     | Noticed Urug
 12389 | D:11     | Noticed a manticore
 12526 | D:11     | Killed a manticore
 12527 | D:11     | Reached XP level 12. HP: 76/123 MP: 5/18
 12679 | D:11     | You fall into a shaft and drop 1 floor!
 12768 | D:12     | Reached skill level 13 in Fighting
 13061 | D:11     | Killed Urug
 13096 | Lair:1   | Entered Level 1 of the Lair of Beasts
 13434 | Lair:1   | Found a blossoming altar of Fedhas.
 13462 | Lair:1   | Reached skill level 14 in Fighting
 14629 | Lair:2   | Gained mutation: You can use your snake-like lower body to
                  | constrict enemies. [Naga growth]
 14629 | Lair:2   | Reached XP level 13. HP: 117/136 MP: 14/19
 14980 | Lair:2   | Found a staircase to the Snake Pit.
 15618 | Lair:3   | Found a staircase to the Shoals.
 15660 | Lair:3   | Reached skill level 15 in Fighting
 15660 | Lair:3   | Reached skill level 15 in Maces & Flails
 16850 | Lair:4   | Found a staircase to the Slime Pits.
 17192 | Lair:5   | Entered Level 5 of the Lair of Beasts
 17329 | Lair:5   | Paralysed by a hornet for 2 turns
 17346 | Lair:5   | Reached skill level 16 in Fighting
 17503 | Lair:5   | Reached XP level 14. HP: 100/151 MP: 20/20
 17531 | Lair:5   | Reached skill level 17 in Fighting
 18015 | Lair:5   | Reached skill level 5 in Spellcasting
 18949 | D:12     | Found a staircase to the Orcish Mines.
 19284 | D:12     | Noticed Azrael
 19312 | Orc:1    | Entered Level 1 of the Orcish Mines
 19453 | Orc:1    | Found Efargha's Armour Boutique.
 19624 | Orc:1    | You fall into a shaft and drop 1 floor!
 19624 | Orc:2    | Entered Level 2 of the Orcish Mines
 19835 | Orc:2    | Reached skill level 18 in Fighting
 20074 | Orc:2    | Found a staircase to the Elven Halls.
 20149 | Orc:2    | Reached XP level 15. HP: 156/163 MP: 24/24
 20386 | Orc:2    | Found Vilos's Assorted Antiques.
 20386 | Orc:2    | Found Gaugaf's Armour Boutique.
 20388 | Orc:2    | Found Kasav's Distillery.
 20390 | Orc:2    | Found Fatoemal's Antique Armour Shoppe.
 20394 | Orc:2    | Bought a lumpy ruby potion for 29 gold pieces
 20394 | Orc:2    | Bought a scroll labelled BIDANA CUTO for 33 gold pieces
 20394 | Orc:2    | Bought a potion of curing for 99 gold pieces
 20394 | Orc:2    | Bought a potion of haste for 330 gold pieces
 20397 | Orc:2    | Bought a potion of curing for 48 gold pieces
 20397 | Orc:2    | Bought a potion of heal wounds for 80 gold pieces
 20397 | Orc:2    | Bought a potion of mutation for 128 gold pieces
 20397 | Orc:2    | Bought a potion of enlightenment for 80 gold pieces
 20397 | Orc:2    | Bought a potion of magic for 128 gold pieces
 20621 | D:12     | Killed Azrael
 21231 | D:13     | Found a runed translucent gate.
 21231 | D:13     | Found a runed translucent gate.
 21231 | D:13     | Found a runed translucent gate.
 21454 | D:13     | Reached skill level 1 in Shields
 22025 | D:14     | Noticed Josephine
 22025 | D:14     | Noticed Agnes
 22034 | D:14     | Killed Agnes
 22080 | D:14     | Killed Josephine
 22086 | D:14     | Reached skill level 5 in Shields
 22119 | D:14     | Found a gate to the Vaults.
 22229 | D:14     | Noticed Jorgrun
 22251 | D:14     | Killed Jorgrun
 22644 | D:14     | Noticed Frances
 22652 | D:14     | Killed Frances
 22798 | D:15     | Entered Level 15 of the Dungeon
 23656 | D:15     | Annihilated by an enormous slime creature

Illustrated notes

Levels and vault maps discovered:
D:1:      wander_arrival_abandoned_jail, layout_basic, minmay_quantized
D:2:      minmay_angry_zag, layout_basic, basic_altar, uniq_crazy_yiuf_cottage,
          uniq_natasha
D:3:      layout_loops_ring, hellmonk_ecumenical_altar_watching_god,
          gup_sewer_entry_spiral, serial_shops, nicolae_shop_behind_doors,
          serial_bayou_pond_a, uniq_jessica
D:4:      minmay_octagon_keep, layout_cave_pools, serial_undead,
          serial_undead_b, serial_undead_c, serial_undead_c, serial_undead_d,
          serial_shops, shop, uniq_edmund, uniq_blork_the_orc, uniq_eustachio
D:5:      lemuel_insect_pit, layout_basic, worldfamousw_hep_ancestral_shrine,
          minmay_temple_entry_statues_pillars, cheibrodos_gnoll_hut
D:6:      layout_cave_pools, serial_column_ruins, column_ruins_circle_large,
          column_ruins_temple_hut, column_ruins_open_small,
          column_ruins_columns_corner, column_ruins_grid_3, column_ruins_grid_3,
          column_ruins_open_tiny, column_ruins_open_small_water,
          column_ruins_columns_corner, hangedman_decor_opposing
D:7:      layout_basic
D:8:      layout_cave_pods, mainiacjoe_overflow_cross_hatched,
          overflow_temple_1_default, grunt_gozag_statues,
          mainiacjoe_overflow_alcove_4, amcnicky_mini_pool_small
D:9:      layout_cave_pods
D:10:     layout_basic, lemuel_doored_altar, mainiacjoe_overflow_tiny_flanked,
          kennysheep_another_room, minmay_checkerbox
D:11:     layout_loops_cross, lair_entry_dummy, hangedman_misty_isle, uniq_urug
D:12:     layout_long_grid, david_orc_2, argonaut_gorgonesque, uniq_azrael
D:13:     layout_cave_pods, ploomutoo_gammafunk_ghost_potion_laboratory
D:14:     layout_cave_pods, david_vaults_3, chequers_serial_rivers_large_a,
          uniq_josephine, uniq_jorgrun, uniq_frances, uniq_agnes
D:15:     gammafunk_enter_depths_forms, layout_irregular_city,
          chequers_arboretum
Lair:1:   layout_concentric_octagons, tgw_fedhas
Lair:2:   wander_river, layout_loops_ring, nicolae_snake_entry_squirm
Lair:3:   layout_roguey, elwin_shoals_entry_rooms
Lair:4:   layout_roguey, slime_entry_1, nicolae_lair_run_with_the_wolves
Lair:5:   evilmike_catoblepas_cave, layout_hall_layers,
          chequers_serial_rivers_room_b, dreamdust_wasp_nest,
          infiniplex_staircase_pool_2
Orc:1:    layout_caves, serial_shops, shop, basic_altar,
          nicolae_orc_sculptors_studio, nicolae_orc_damp_corner
Orc:2:    st_orc_rangers, layout_caves

Skill      XL: |  1  2  3  4  5  6  7  8  9 10 11 12 13 14 15 |
---------------+----------------------------------------------+-----
Spellcasting   | 2 3 4 6 7 |  7.9
Maces & Flails | 4 5 6 9 11 12 14 16 | 16.0
Fire Magic     | 4 5 6 8 9 |  9.6
Fighting       | 4 5 6 9 11 12 14 16 18 | 18.0
Shields        | 8 |  8.0

Action                     |  1- 3 |  4- 6 |  7- 9 | 10-12 | 13-15 || total
---------------------------+-------+-------+-------+-------+-------++-------
  Melee: Mace              |    58 |    30 |     2 |       |       ||    90
         Punch             |     1 |     4 |    10 |    38 |   149 ||   202
         Morningstar       |       |       |   191 |   627 |  1103 ||  1921
         Constrict         |       |       |       |       |   216 ||   216
   Cast: Scorch            |    19 |    49 |   115 |    80 |    44 ||   307
 Invoke: Fiery Armour      |       |       |     1 |     5 |     7 ||    13
         Rising Flame      |       |       |       |       |     1 ||     1
Ability: Spit Poison       |    28 |    33 |    41 |    25 |    13 ||   140
  Evoke: Sack of spiders   |       |       |       |       |     1 ||     1
    Use: Scroll            |       |     2 |       |     8 |     7 ||    17
         Potion            |       |     1 |     1 |       |     3 ||     5
   Stab: Petrified         |       |       |       |       |     3 ||     3
 Armour: Robe              |    59 |    42 |   292 |    86 |       ||   479
         Troll leather arm |       |       |       |   552 |  1330 ||  1882
  Dodge: Dodged            |    43 |    22 |   164 |   433 |   541 ||  1203
  Block: Kite shield       |       |       |       |       |    76 ||    76
         Reflection        |       |       |       |       |     2 ||     2

Table legend: (Time is in decaauts)
 A = Elapsed time spent in this place.
 B = Non-inter-level travel time spent in this place.
 C = Inter-level travel time spent in this place.
 D = Time resting spent in this place.
 E = Time spent auto-exploring this place.
 F = Levels seen in this place.
 G = Mean time per level.
                   A        B        C        D        E       F      G
               +--------+--------+--------+--------+--------+-----+--------+
         Total |  29264 |  27942 |   1322 |    535 |  22707 |  23 | 1272.3 |
       Dungeon |  19997 |  19050 |    947 |    406 |  15566 |  15 | 1333.1 |
          Lair |   7131 |   6764 |    367 |    123 |   5404 |   5 | 1426.2 |
  Orcish Mines |   1389 |   1381 |      8 |      5 |   1082 |   2 |  694.5 |
         Sewer |    746 |    746 |      0 |      0 |    654 |   1 |  746.0 |
               +--------+--------+--------+--------+--------+-----+--------+

Top non-repeatable levels by time:
  Lair:5: 1793 daAuts
     D:2: 1680 daAuts
     D:1: 1648 daAuts
     D:9: 1616 daAuts
  Lair:1: 1534 daAuts
     D:4: 1471 daAuts
     D:7: 1439 daAuts
     D:3: 1431 daAuts
  Lair:4: 1367 daAuts
    D:14: 1348 daAuts
     D:8: 1343 daAuts
  Lair:2: 1272 daAuts
    D:13: 1207 daAuts
     D:5: 1189 daAuts
    D:11: 1180 daAuts
